 Dungeon Crawl Stone Soup version 0.31-a0-640-g39d97e502b (webtiles) character file.

Game seed: 17954583804221122808

85662 qw the Marksgargoyle (level 15, -5/101 HPs)
             Began as a Gargoyle Hunter on Aug 27, 2023.
             Was an Elder of Okawaru.
             Slain by a two-headed ogre
             ... wielding a +0 giant club
              (8 damage)
             ... while paralysed by an ogre mage
             ... on level 2 of the Orcish Mines.
             The game lasted 00:10:25 (17350 turns).

qw the Marksgargoyle (Gargoyle Hunter)             Turns: 17350, Time: 00:10:25

Health: -5/101     AC: 24    Str: 17    XL:     15   Next: 84%
Magic:  22/22      EV:  2    Int:  9    God:    Okawaru [****..]
Gold:   1494       SH:  0    Dex: 19    Spells: 14/14 levels left

rFire   . . .        Y - +4 longbow (drain)
rCold   . . .        (shield currently unavailable)
rNeg    + . .        g - +0 troll leather armour
rPois   inf          (no helmet)
rElec   +            f - +1 cloak of Starlight {*Dazzle EV+4 Stlth--}
rCorr   .            r - +2 pair of gloves
SInv    +            e - +1 pair of boots
Will    +....        w - amulet of faith
Stlth   +            s - +5 ring of evasion
HPRegen 1.16/turn    p - ring of see invisible
MPRegen 0.18/turn

%: clarity, faith
@: paralysed, heroic, flying
A: sickness immunity, AC +11, big wings, negative energy resistance 1,
electricity resistance, torment resistance 1, petrification resistance, talons
1, clarity
a: Renounce Religion, Heroism, Finesse


You were on level 2 of the Orcish Mines.
You worshipped Okawaru.
Okawaru was greatly pleased with you.
You visited 4 branches of the dungeon, and saw 23 of its levels.

You collected 1804 gold pieces.
You spent 310 gold pieces at shops.


Innate Abilities, Weirdness & Mutations

You are immune to sickness and miasma.
Your stone body is resilient. (AC +11)
You are immune to poison.
Your large and strong wings let you fly.
You resist negative energy. (rN+)
You are resistant to electric shocks. (rElec)
You are resistant to unholy torment.
You are immune to petrification.
You have sharp toenails.
You possess an exceptional clarity of mind.


   Skills:
 + Level 14.9(19.9) Fighting
 - Level 20.0(25.0) Ranged Weapons
 - Level 6.5(11.5) Armour
 - Level 8.0(13.0) Dodging
 - Level 1.1(6.1) Stealth
 - Level 10.0 Invocations


You had 14 spell levels left.
You didn't know any spells.
Your spell library was empty.

Inventory:

Hand Weapons
 o - a +2 longbow of flaming
 Y - a +4 longbow of draining (weapon)
Armour
 d - a scarf of resistance
 e - a +1 pair of boots (worn)
 f - the +1 cloak of Starlight (worn) {*Dazzle EV+4 Stlth--}
   (You acquired it on level 3 of the Dungeon)

   *Dazzle:   It may blind those who miss an attack against the wearer in melee
   combat.
   EV+4:      It affects your evasion (+4).
   Stlth--:   It makes you much less stealthy.
 g - a +0 troll leather armour (worn)
 r - a +2 pair of gloves (worn)
Jewellery
 a - a ring of protection from fire
 n - a +4 ring of protection
 p - a ring of see invisible (right hand)
 s - a +5 ring of evasion (left hand)
 w - an amulet of faith (around neck)
Scrolls
 b - 3 scrolls of teleportation
 c - 4 scrolls of identify
Potions
 h - a potion of mutation
 i - 2 potions of heal wounds
 j - 2 potions of cancellation
 k - 7 potions of haste
 l - 4 potions of enlightenment
 m - 5 potions of curing
 q - a potion of might
 t - a potion of resistance

Dungeon Overview and Level Annotations

Branches:
Dungeon (15/15)            Temple (1/1) D:4            Lair (5/5) D:11
 Shoals (0/4) Lair:3       Spider (0/4) Lair:2        Slime (0/5) Lair:5
    Orc (2/2) D:9             Elf (0/3) Orc:2        Vaults (0/5) D:14
 Depths (0/4) D:15

Altars:
Ashenzari
Cheibriados
Dithmenos
Elyvilon
Fedhas
Gozag
Hepliaklqana
Kikubaaqudgha
Makhleb
Nemelex Xobeh
Okawaru
Qazlal
Ru
Sif Muna
Trog
Uskayaw
Vehumet
Wu Jian
Xom
Yredelemnul
Zin
The Shining One
Jiyva

Shops:
D:3 =   D:9 [   D:13 (

Annotations:
D:12 2 runed translucent doors, Naggiasi's ghost, journeyman KoBr
Lair:2 exclusion: killer bee
Lair:5 1 runed translucent door, qw's ghost, journeyman GrFi


Message History

You shoot an arrow. The arrow hits the two-headed ogre.
You drain the two-headed ogre.
The two-headed ogre is heavily wounded.
An ogre comes into view. It is wielding a +0 giant spiked club.
The ogre misses you.
The ogre's vision is obscured by starry radiance!
The ogre mage barely misses you.
17345 ||| Stepping ~*~*~tactically~*~*~ (outnumbered).
The ogre mage completely misses you.
Enter note:
Enter note:
17346 ||| Stepping ~*~*~tactically~*~*~ (retreating).
An ogre comes into view. It is wielding a +0 giant club.
The ogre shouts!
The ogre mage closely misses you. The ogre mage barely misses you.
An ogre comes into view. It is wielding a +0 giant club.
The ogre mage misses you.
The ogre moves out of view.
Enter note: You shoot an arrow.
The arrow hits the two-headed ogre!
You drain the two-headed ogre.
The two-headed ogre is severely wounded.
The ogre mage hits you but does no damage.
You shoot an arrow. The arrow hits the two-headed ogre!!
You kill the two-headed ogre!
Okawaru accepts your kill.
The ogre mage gestures at you while chanting.
You suddenly lose the ability to move!
The ogre mage hits you from afar with a +0 spear.
The ogre mage hits you but does no damage.
An ogre comes into view. It is wielding a +0 giant club.
The two-headed ogre hits you with a +0 giant club!
The two-headed ogre hits you but does no damage.
The ogre mage gestures at you while chanting.
The bolt of magma hits you! The two-headed ogre barely misses you.
The two-headed ogre hits you with a +1 dire flail of draining.
The ogre mage hits you with a +0 spear.
The ogre mage hits you from afar with a +0 spear.
The two-headed ogre hits you with a +0 giant club!
You die...

#..O########.
##............
##.......... .
###).........#
#......O....##
#.)OO......#.##
##)OOO........#
###.#O#.......#
##..)O@O.......##
#....O.O...#....##
##.........##....#
###.#.#.........##
#######.##.#...##
#### #####.....##
##..## ##.#...#
#....# ##....##
##....#### ..
#......#


You could see 3 two-headed ogres, 3 ogre magi and 5 ogres.

Vanquished Creatures
  An ironbound preserver (D:14)
  Nessos (Lair:4)
  An entropy weaver (D:14)
  4 hydras
  An ogre mage (D:15)
  Erica (D:9)
  3 catoblepae (Lair:5)
  5 boulder beetles
  A sphinx skeleton (D:15)
  5 centaur warriors
  2 tengu warriors
  18 two-headed ogres
  An orc high priest (Orc:1)
  9 death yaks
  A vampire mage (D:15)
  Urug (D:12)
  A storm dragon zombie (D:15)
  2 skeletal warriors
  A golden dragon zombie (D:15)
  5 orc knights
  A necromancer (D:15)
  2 oklob plants (Lair:5)
  2 orc sorcerers (Orc:1)
  10 ugly things
  3 cyclopes
  3 manticores
  A deep elf pyromancer (D:13)
  A shadow dragon skeleton (D:15)
  A salamander (Lair:2)
  Maurice (Orc:1)
  3 black mambas
  3 elephants (Lair:4)
  A torpor snail (Lair:3)
  2 gargoyles
  An unseen horror (D:12)
  Maggie (D:8)
  10 cane toads
  3 yaktaurs (D:15)
  8 komodo dragons
  A kobold demonologist (D:11)
  3 efreet
  A tengu conjurer (D:15)
  A guardian mummy (D:15)
  A meliai (Lair:2)
  5 trolls
  6 polar bears
  A snapping turtle (Lair:3)
  Grinder (D:3)
  11 blink frogs
  8 dream sheep
  6 slime creatures
  Sigmund (D:5)
  3 wraiths
  2 wyverns
  40 yaks
  A shadow (D:13)
  8 fire bats (Lair:2)
  A fire elemental (Lair:2)
  4 basilisks
  2 steam dragons
  A warg (Orc:2)
  14 vampire mosquitoes
  An acid dragon (D:13)
  9 water moccasins
  18 orc warriors
  2 ice beasts
  7 black bears
  9 wolves
  8 centaurs
  15 ogres
  2 phantoms
  4 kobold brigands
  17 bullfrogs
  A gnoll sergeant (D:10)
  2 scorpions
  5 wights (D:7)
  24 killer bees
  7 howler monkeys
  4 electric eels
  8 hounds
  2 jellies (D:4)
  13 orc priests
  A gnoll bouda (Lair:1)
  Terence (D:3)
  2 iguanas (D:5)
  20 orc wizards
  6 gnolls
  13 adders
  An ufetubus (D:6)
  2 worms
  4 dart slugs
  91 orcs
  7 endoplasms
  4 giant cockroaches
  9 goblins
  5 hobgoblins
  4 jackals (D:3)
  3 quokkas
  4 ball pythons
  14 bats
  7 frilled lizards
  19 kobolds
  5 rats
  A butterfly (Lair:3)
624 creatures vanquished.

Vanquished Creatures (others)
  A killer bee (D:11)
  An orc priest (Orc:1)
  A gnoll (D:5)
  A shadow imp (D:5)
  2 orcs
6 creatures vanquished.

Grand Total: 630 creatures vanquished

Notes
Turn   | Place    | Note
-------+----------+-------------------------------------------
     0 | D:1      | qw the Gargoyle Hunter began the quest for the Orb.
     0 | D:1      | Reached XP level 1. HP: 12/12 MP: 1/1
     0 | D:1      | 0 ||| qw: Version: 0.3-a-74-g0d5e918
     0 | D:1      | 0 ||| qw: Game counter: 39
     0 | D:1      | 0 ||| qw: Melee chars always use a shield: true
     0 | D:1      | 0 ||| qw: God list: Okawaru
     0 | D:1      | 0 ||| qw: Allow faded altars: false
     0 | D:1      | 0 ||| qw: Do Orc after clearing Dungeon:15 true
     0 | D:1      | 0 ||| qw: Do second Lair branch before Depths: true
     0 | D:1      | 0 ||| qw: Lair rune preference: random
     0 | D:1      | 0 ||| qw: Goals: Normal
     0 | D:1      | 0 ||| PLANNING D:1-11
    44 | D:1      | Reached XP level 2. HP: 13/17 MP: 2/2
   523 | D:1      | Reached XP level 3. HP: 21/21 MP: 3/3
   688 | D:1      | 688 ||| UPGRADING to +4 ring of protection.
   689 | D:1      | 689 ||| READING scroll labelled IDOUST YHAEBUW.
   690 | D:1      | 690 ||| READING scroll labelled VELESOQOUV.
   690 | D:1      | Identified a scroll of acquirement
   690 | D:1      | 690 ||| ACQUIRING +4 orcbow "Gesycsop" {freeze, Str-5 Int+3
                  | Dex+3 Stlth+}
   690 | D:1      | Acquired the +4 orcbow "Gesycsop" {freeze, Str-5 Int+3
                  | Dex+3 Stlth+}
   692 | D:1      | 692 ||| SWAPPING to +4 orcbow "Gesycsop" {freeze, Str-5
                  | Int+3 Dex+3 Stlth+}.
   693 | D:1      | 693 ||| DROPPING +0 shortbow.
   694 | D:1      | 694 ||| READING 2 scrolls labelled HIULUN XALIZU.
   695 | D:1      | 695 ||| READING scroll labelled SYNLYPOYFE.
   696 | D:1      | 696 ||| DROPPING scroll of butterflies.
   697 | D:1      | 697 ||| DROPPING scroll of noise.
   752 | D:2      | Reached skill level 5 in Ranged Weapons
   856 | D:2      | Reached skill level 3 in Fighting
   884 | D:2      | Reached XP level 4. HP: 28/28 MP: 4/4
   970 | D:2      | Found a faded altar of an unknown god.
  1157 | D:2      | 1157 ||| DRINKING 2 smoky puce potions.
  1157 | D:2      | Gained mutation: You possess an exceptional clarity of
                  | mind. [potion of mutation]
  1157 | D:2      | Gained mutation: You have sharp toenails. [potion of
                  | mutation]
  1282 | D:3      | 1282 ||| READING 2 scrolls of acquirement.
  1282 | D:3      | 1282 ||| ACQUIRING +1 cloak of Starlight {*Dazzle EV+4
                  | Stlth--}
  1282 | D:3      | Acquired the +1 cloak of Starlight {*Dazzle EV+4 Stlth--}
  1282 | D:3      | Found the +1 cloak of Starlight {*Dazzle EV+4 Stlth--}
  1284 | D:3      | 1284 ||| UPGRADING to +0 ring mail.
  1294 | D:3      | 1294 ||| DROPPING +0 leather armour.
  1295 | D:3      | 1295 ||| UPGRADING to scarf of resistance.
  1300 | D:3      | 1300 ||| UPGRADING to +1 cloak of Starlight {*Dazzle EV+4
                  | Stlth--}.
  1310 | D:3      | 1310 ||| READING scroll of acquirement.
  1310 | D:3      | 1310 ||| ACQUIRING +1 longbow of freezing
  1310 | D:3      | Acquired a +1 longbow of freezing
  1312 | D:3      | 1312 ||| SWAPPING to +1 longbow of freezing.
  1313 | D:3      | 1313 ||| DROPPING +4 orcbow "Gesycsop" {freeze, Str-5 Int+3
                  | Dex+3 Stlth+}.
  1395 | D:3      | Noticed Terence
  1402 | D:3      | Killed Terence
  1403 | D:3      | Reached skill level 1 in Armour
  1403 | D:3      | Reached XP level 5. HP: 31/32 MP: 5/5
  1520 | D:3      | Found Iggoesie's Jewellery Boutique.
  1534 | D:3      | 1534 ||| SHOPLISTING amulet of regeneration (390 gold, have
                  | 140).
  1534 | D:3      | 1534 ||| SHOPLISTING ring of fire (325 gold, have 140).
  1534 | D:3      | 1534 ||| SHOPLISTING ring of resist corrosion (260 gold,
                  | have 140).
  1534 | D:3      | 1534 ||| SHOPLISTING ring of see invisible (195 gold, have
                  | 140).
  1534 | D:3      | 1534 ||| SHOPLISTING ring of willpower (325 gold, have
                  | 140).
  1578 | D:3      | Noticed Grinder
  1586 | D:3      | Killed Grinder
  1587 | D:3      | Reached skill level 7 in Ranged Weapons
  1587 | D:3      | Reached XP level 6. HP: 30/37 MP: 6/6
  1778 | D:3      | 1778 ||| UPGRADING to ring of positive energy.
  1779 | D:3      | 1779 ||| READING scroll labelled EREWKO MUWIGRU.
  1780 | D:3      | 1780 ||| READING scroll labelled UCUDOU CUNILU.
  1910 | D:4      | Found a staircase to the Ecumenical Temple.
  1911 | D:4      | 1911 ||| PLANNING TEMPLE
  1927 | D:4      | 1927 ||| READING scroll labelled ACAIHO NUCWAE.
  1954 | Temple   | Entered the Ecumenical Temple
  1955 | Temple   | 1955 ||| PLANNING D:1-11
  2114 | D:4      | Reached XP level 7. HP: 43/43 MP: 7/7
  2162 | D:4      | 2162 ||| FLEEEEING.
  2163 | D:4      | 2163 ||| FLEEEEING.
  2164 | D:4      | 2164 ||| FLEEEEING.
  2165 | D:4      | 2165 ||| FLEEEEING.
  2166 | D:4      | 2166 ||| FLEEEEING.
  2167 | D:4      | 2167 ||| FLEEEEING.
  2169 | D:4      | 2169 ||| FLEEEEING.
  2170 | D:4      | 2170 ||| FLEEEEING.
  2172 | D:4      | 2172 ||| FLEEEEING.
  2173 | D:4      | 2173 ||| FLEEEEING.
  2174 | D:4      | 2174 ||| FLEEEEING.
  2175 | D:4      | 2175 ||| FLEEEEING.
  2176 | D:4      | 2176 ||| FLEEEEING.
  2177 | D:4      | 2177 ||| FLEEEEING.
  2178 | D:4      | 2178 ||| FLEEEEING.
  2179 | D:4      | 2179 ||| FLEEEEING.
  2180 | D:4      | 2180 ||| FLEEEEING.
  2181 | D:4      | 2181 ||| FLEEEEING.
  2182 | D:4      | 2182 ||| FLEEEEING.
  2183 | D:4      | 2183 ||| FLEEEEING.
  2184 | D:4      | 2184 ||| FLEEEEING.
  2185 | D:4      | 2185 ||| FLEEEEING.
  2186 | D:4      | 2186 ||| FLEEEEING.
  2187 | D:4      | 2187 ||| FLEEEEING.
  2188 | D:4      | 2188 ||| FLEEEEING.
  2262 | D:4      | 2262 ||| UPGRADING to +0 pair of boots.
  2267 | D:4      | 2267 ||| DRINKING 2 fuming pink potions.
  2310 | D:4      | 2310 ||| DROPPING potion of lignification.
  2343 | D:5      | Entered Level 5 of the Dungeon
  2344 | D:5      | 2344 ||| PLANNING OSSUARY
  2442 | D:5      | Reached skill level 8 in Ranged Weapons
  2443 | D:5      | Noticed Sigmund
  2449 | D:5      | Killed Sigmund
  2450 | D:5      | Reached XP level 8. HP: 30/49 MP: 8/8
  2601 | D:5      | Found a sand-covered staircase.
  2698 | D:5      | 2698 ||| Stepping ~*~*~tactically~*~*~ (retreating).
  2718 | D:5      | 2718 ||| Stepping ~*~*~tactically~*~*~ (retreating).
  2722 | D:5      | Reached skill level 9 in Ranged Weapons
  2854 | D:5      | Reached skill level 6 in Fighting
  2929 | D:5      | Identified the +10 mace of Wicoa {freeze, rF- rC+ Str+7
                  | Dex-4}
  2992 | D:5      | 2992 ||| RIP OSSUARY
  3048 | D:5      | 3048 ||| PLANNING D:1-11
  3048 | D:5      | 3048 ||| DROPPING ring of wizardry.
  3049 | D:5      | 3049 ||| DRINKING 2 blue potions.
  3050 | D:5      | 3050 ||| DRINKING 3 silvery potions.
  3051 | D:5      | 3051 ||| READING 3 scrolls of identify.
  3051 | D:5      | 3051 ||| IDENTIFYING golden potion
  3052 | D:5      | 3052 ||| READING 2 scrolls of identify.
  3052 | D:5      | 3052 ||| IDENTIFYING orange potion
  3053 | D:5      | 3053 ||| DROPPING potion of attraction.
  3054 | D:5      | 3054 ||| DROPPING potion of berserk rage.
  3184 | D:6      | 3184 ||| FLEEEEING.
  3185 | D:6      | 3185 ||| FLEEEEING.
  3371 | D:6      | Reached skill level 10 in Ranged Weapons
  3371 | D:6      | Reached XP level 9. HP: 52/55 MP: 9/9
  3419 | D:6      | Reached skill level 3 in Armour
  3489 | D:6      | Noticed an angel
  3491 | D:6      | Found a glowing silver altar of Zin.
  3494 | D:6      | Found a shimmering altar of Xom.
  3745 | D:6      | 3745 ||| READING scroll labelled SYOTOTANKO.
  3846 | D:6      | 3846 ||| DRINKING 2 cyan potions.
  3847 | D:6      | 3847 ||| READING 2 scrolls of identify.
  3847 | D:6      | 3847 ||| IDENTIFYING sedimented clear potion
  3848 | D:6      | 3848 ||| DROPPING potion of degeneration.
  4053 | D:7      | 4053 ||| Stepping ~*~*~tactically~*~*~ (outnumbered).
  4054 | D:7      | 4054 ||| Stepping ~*~*~tactically~*~*~ (outnumbered).
  4135 | D:7      | 4135 ||| Stepping ~*~*~tactically~*~*~ (retreating).
  4136 | D:7      | 4136 ||| Stepping ~*~*~tactically~*~*~ (retreating).
  4140 | D:7      | 4140 ||| Stepping ~*~*~tactically~*~*~ (retreating).
  4141 | D:7      | 4141 ||| Stepping ~*~*~tactically~*~*~ (retreating).
  4142 | D:7      | 4142 ||| Stepping ~*~*~tactically~*~*~ (retreating).
  4143 | D:7      | 4143 ||| Stepping ~*~*~tactically~*~*~ (retreating).
  4144 | D:7      | 4144 ||| Stepping ~*~*~tactically~*~*~ (retreating).
  4414 | D:7      | 4414 ||| FLEEEEING.
  4415 | D:7      | 4415 ||| FLEEEEING.
  4416 | D:7      | 4416 ||| FLEEEEING.
  4417 | D:7      | 4417 ||| FLEEEEING.
  4418 | D:7      | 4418 ||| FLEEEEING.
  4419 | D:7      | 4419 ||| FLEEEEING.
  4420 | D:7      | 4420 ||| FLEEEEING.
  4421 | D:7      | 4421 ||| FLEEEEING.
  4422 | D:7      | 4422 ||| FLEEEEING.
  4423 | D:7      | 4423 ||| FLEEEEING.
  4424 | D:7      | 4424 ||| FLEEEEING.
  4428 | D:7      | 4428 ||| FLEEEEING.
  4429 | D:7      | 4429 ||| FLEEEEING.
  4430 | D:7      | 4430 ||| FLEEEEING.
  4438 | D:7      | 4438 ||| STAIRDANCE
  4467 | D:7      | 4467 ||| STAIRDANCE
  4711 | D:7      | 4711 ||| Stepping ~*~*~tactically~*~*~ (outnumbered).
  4714 | D:7      | Reached skill level 11 in Ranged Weapons
  4721 | D:7      | Reached skill level 3 in Dodging
  4906 | D:7      | 4906 ||| UPGRADING to +6 ring of strength.
  4908 | D:7      | 4908 ||| UPGRADING to ring of see invisible.
  4910 | D:7      | 4910 ||| DROPPING ring of positive energy.
  4911 | D:7      | 4911 ||| READING scroll labelled ISTACL HEFY.
  4989 | D:8      | Noticed Maggie
  5003 | D:8      | Killed Maggie
  5122 | D:8      | 5122 ||| READING scroll of enchant weapon.
  5122 | D:8      | 5122 ||| ENCHANTING +2 longbow of freezing.
  5201 | D:8      | 5201 ||| Stepping ~*~*~tactically~*~*~ (retreating).
  5202 | D:8      | 5202 ||| Stepping ~*~*~tactically~*~*~ (retreating).
  5203 | D:8      | 5203 ||| Stepping ~*~*~tactically~*~*~ (retreating).
  5204 | D:8      | 5204 ||| Stepping ~*~*~tactically~*~*~ (retreating).
  5205 | D:8      | 5205 ||| Stepping ~*~*~tactically~*~*~ (retreating).
  5206 | D:8      | 5206 ||| Stepping ~*~*~tactically~*~*~ (retreating).
  5207 | D:8      | 5207 ||| Stepping ~*~*~tactically~*~*~ (retreating).
  5208 | D:8      | 5208 ||| Stepping ~*~*~tactically~*~*~ (retreating).
  5314 | D:8      | Noticed a two-headed ogre
  5315 | D:8      | 5315 ||| RETREATING.
  5326 | D:8      | HP: 9/59 [two-headed ogre/+0 giant club (19)]
  5327 | D:8      | 5327 ||| DRINKING 3 potions of heal wounds.
  5328 | D:8      | Killed a two-headed ogre
  5329 | D:8      | Reached skill level 12 in Ranged Weapons
  5329 | D:8      | Reached XP level 10. HP: 20/64 MP: 10/10
  5847 | D:8      | 5847 ||| UPGRADING to +0 swamp dragon scales.
  5857 | D:8      | 5857 ||| DROPPING +0 ring mail.
  5858 | D:8      | 5858 ||| DROPPING +0 leather armour of cold resistance.
  5896 | D:9      | 5896 ||| RETREATING.
  5905 | D:9      | 5905 ||| Stepping ~*~*~tactically~*~*~ (retreating).
  5918 | D:9      | 5918 ||| FLEEEEING.
  5919 | D:9      | 5919 ||| FLEEEEING.
  5920 | D:9      | 5920 ||| FLEEEEING.
  5921 | D:9      | 5921 ||| FLEEEEING.
  5924 | D:9      | 5924 ||| FLEEEEING.
  5925 | D:9      | 5925 ||| STAIRDANCE
  5960 | D:9      | 5960 ||| STAIRDANCE
  6065 | D:9      | Found a staircase to the Orcish Mines.
  6120 | D:9      | Noticed Erica
  6127 | D:9      | Killed Erica
  6128 | D:9      | Reached skill level 13 in Ranged Weapons
  6322 | D:9      | 6322 ||| Stepping ~*~*~tactically~*~*~ (retreating).
  6394 | D:9      | Reached skill level 9 in Fighting
  6409 | D:9      | Found Tyakorch's Antique Armour Emporium.
  6419 | D:9      | 6419 ||| BUYING pair of gloves (103 gold).
  6419 | D:9      | Bought a pair of gloves for 103 gold pieces
  6419 | D:9      | 6419 ||| BUYING polished ring mail (207 gold).
  6419 | D:9      | Bought a polished ring mail for 207 gold pieces
  6419 | D:9      | Identified the +0 ring mail of the Maze {-Tele rPois Dex+2}
                  | (You bought it in a shop on level 9 of the Dungeon)
  6419 | D:9      | 6419 ||| SHOPLISTING tattered robe (131 gold, have 130).
  6443 | D:9      | Noticed a boulder beetle
  6450 | D:9      | 6450 ||| Stepping ~*~*~tactically~*~*~ (retreating).
  6453 | D:9      | 6453 ||| Stepping ~*~*~tactically~*~*~ (retreating).
  6454 | D:9      | 6454 ||| Stepping ~*~*~tactically~*~*~ (retreating).
  6455 | D:9      | 6455 ||| Stepping ~*~*~tactically~*~*~ (retreating).
  6458 | D:9      | 6458 ||| Stepping ~*~*~tactically~*~*~ (retreating).
  6459 | D:9      | 6459 ||| Stepping ~*~*~tactically~*~*~ (retreating).
  6460 | D:9      | 6460 ||| Stepping ~*~*~tactically~*~*~ (retreating).
  6461 | D:9      | 6461 ||| RETREATING.
  6471 | D:9      | 6471 ||| Stepping ~*~*~tactically~*~*~ (outnumbered).
  6481 | D:9      | 6481 ||| Stepping ~*~*~tactically~*~*~ (retreating).
  6486 | D:9      | Killed a boulder beetle
  6487 | D:9      | Reached XP level 11. HP: 57/71 MP: 11/11
  6882 | D:9      | 6882 ||| UPGRADING to +0 pair of gloves.
  6887 | D:9      | 6887 ||| DROPPING +0 ring mail of the Maze {-Tele rPois
                  | Dex+2}.
  6888 | D:9      | 6888 ||| READING 2 scrolls labelled GOCHAW NIUR.
  6891 | D:9      | 6891 ||| READING scroll labelled ZUWUBO UTTANUU.
  6892 | D:9      | 6892 ||| READING 2 scrolls of identify.
  6892 | D:9      | 6892 ||| IDENTIFYING sedimented orange potion
  6909 | D:10     | Entered Level 10 of the Dungeon
  7101 | D:10     | Reached skill level 6 in Armour
  7184 | D:10     | Noticed a two-headed ogre
  7189 | D:10     | Killed a two-headed ogre
  7217 | D:10     | Found an iron altar of Okawaru.
  7218 | D:10     | 7218 ||| PLANNING OKAWARU WORSHIP
  7225 | D:10     | Became a worshipper of Warmaster Okawaru
  7226 | D:10     | 7226 ||| PLANNING D:1-11
  7464 | D:10     | 7464 ||| DROPPING +6 ring of strength.
  7465 | D:10     | 7465 ||| UPGRADING to +5 ring of evasion.
  7467 | D:10     | 7467 ||| READING scroll labelled PESOIR LAMUDAKK.
  7523 | D:11     | Reached skill level 14 in Ranged Weapons
  7750 | D:11     | Found a staircase to the Lair.
  7889 | D:11     | 7889 ||| RETREATING.
  7901 | D:11     | Reached * piety under Okawaru
  7911 | D:11     | Noticed a cyclops
  7912 | D:11     | 7912 ||| Stepping ~*~*~tactically~*~*~ (retreating).
  7913 | D:11     | 7913 ||| INVOKING Heroism.
  7920 | D:11     | 7920 ||| Stepping ~*~*~tactically~*~*~ (retreating).
  7921 | D:11     | 7921 ||| Stepping ~*~*~tactically~*~*~ (retreating).
  7927 | D:11     | 7927 ||| Stepping ~*~*~tactically~*~*~ (retreating).
  7937 | D:11     | 7937 ||| INVOKING Heroism.
  7940 | D:11     | Killed a cyclops
  7961 | D:11     | 7961 ||| INVOKING Heroism.
  8071 | D:11     | Noticed a two-headed ogre
  8072 | D:11     | 8072 ||| INVOKING Heroism.
  8077 | D:11     | Killed a two-headed ogre
  8204 | D:11     | Noticed an orc knight
  8205 | D:11     | 8205 ||| INVOKING Heroism.
  8211 | D:11     | Killed an orc knight
  8266 | D:11     | Noticed a skeletal warrior
  8267 | D:11     | 8267 ||| Stepping ~*~*~tactically~*~*~ (retreating).
  8268 | D:11     | 8268 ||| INVOKING Heroism.
  8277 | D:11     | Reached skill level 1 in Invocations
  8281 | D:11     | 8281 ||| INVOKING Heroism.
  8282 | D:11     | 8282 ||| INVOKING Heroism.
  8290 | D:11     | Killed a skeletal warrior
  8291 | D:11     | Reached skill level 15 in Ranged Weapons
  8360 | D:11     | Noticed a manticore
  8361 | D:11     | 8361 ||| INVOKING Heroism.
  8367 | D:11     | Killed a manticore
  8368 | D:11     | Reached XP level 12. HP: 47/77 MP: 10/14
  8693 | D:11     | Reached skill level 3 in Invocations
  8807 | D:11     | 8807 ||| PLANNING LAIR
  8807 | D:11     | 8807 ||| UPGRADING to +0 troll leather armour.
  8817 | D:11     | 8817 ||| DROPPING +0 swamp dragon scales.
  8818 | D:11     | 8818 ||| READING 2 scrolls of identify.
  8818 | D:11     | 8818 ||| IDENTIFYING brown potion
  8833 | Lair:1   | Entered Level 1 of the Lair of Beasts
  8841 | Lair:1   | 8841 ||| RETREATING.
  8889 | Lair:1   | Reached ** piety under Okawaru
  9036 | Lair:1   | 9036 ||| INVOKING Heroism.
  9104 | Lair:1   | 9104 ||| RETREATING.
  9107 | Lair:1   | 9107 ||| INVOKING Heroism.
  9148 | Lair:1   | 9148 ||| INVOKING Heroism.
  9149 | Lair:1   | 9149 ||| RETREATING.
  9278 | Lair:1   | Identified the +1 rapier "Ceameteth" {holy, rElec Str+5
                  | Int+3}
  9290 | Lair:1   | 9290 ||| INVOKING Heroism.
  9480 | Lair:1   | 9480 ||| INVOKING Heroism.
  9508 | Lair:1   | 9508 ||| RETREATING.
  9510 | Lair:1   | 9510 ||| INVOKING Heroism.
  9635 | Lair:1   | 9635 ||| READING scroll labelled BATRAH KOH CIN.
  9675 | Lair:2   | Reached skill level 16 in Ranged Weapons
  9689 | Lair:2   | 9689 ||| INVOKING Heroism.
  9693 | Lair:2   | 9693 ||| RETREATING.
  9694 | Lair:2   | 9694 ||| Stepping ~*~*~tactically~*~*~ (retreating).
  9695 | Lair:2   | 9695 ||| Stepping ~*~*~tactically~*~*~ (retreating).
  9696 | Lair:2   | 9696 ||| Stepping ~*~*~tactically~*~*~ (retreating).
  9697 | Lair:2   | 9697 ||| Stepping ~*~*~tactically~*~*~ (retreating).
  9698 | Lair:2   | 9698 ||| Stepping ~*~*~tactically~*~*~ (retreating).
  9714 | Lair:2   | 9714 ||| Stepping ~*~*~tactically~*~*~ (retreating).
  9717 | Lair:2   | 9717 ||| Stepping ~*~*~tactically~*~*~ (retreating).
  9718 | Lair:2   | 9718 ||| Stepping ~*~*~tactically~*~*~ (retreating).
  9719 | Lair:2   | 9719 ||| Stepping ~*~*~tactically~*~*~ (retreating).
  9720 | Lair:2   | 9720 ||| INVOKING Heroism.
  9722 | Lair:2   | 9722 ||| Stepping ~*~*~tactically~*~*~ (retreating).
  9936 | Lair:2   | Reached *** piety under Okawaru
  9962 | Lair:2   | 9962 ||| READING scroll labelled ZAV ILOBAEGELI.
  9970 | Lair:2   | 9970 ||| INVOKING Heroism.
 10114 | Lair:2   | 10114 ||| RETREATING.
 10115 | Lair:2   | 10115 ||| Stepping ~*~*~tactically~*~*~ (retreating).
 10117 | Lair:2   | 10117 ||| Stepping ~*~*~tactically~*~*~ (retreating).
 10118 | Lair:2   | 10118 ||| Stepping ~*~*~tactically~*~*~ (retreating).
 10119 | Lair:2   | 10119 ||| Stepping ~*~*~tactically~*~*~ (retreating).
 10123 | Lair:2   | 10123 ||| Stepping ~*~*~tactically~*~*~ (outnumbered).
 10265 | Lair:2   | Found a hole to the Spider Nest.
 10544 | Lair:2   | 10544 ||| READING scroll labelled POUSUI BONA.
 10545 | Lair:2   | 10545 ||| READING 2 scrolls of identify.
 10545 | Lair:2   | 10545 ||| IDENTIFYING metallic pink potion
 10546 | Lair:2   | 10546 ||| DROPPING potion of invisibility.
 10557 | Lair:3   | Noticed a death yak
 10558 | Lair:3   | 10558 ||| INVOKING Heroism.
 10564 | Lair:3   | Noticed a death yak
 10565 | Lair:3   | Killed a death yak
 10573 | Lair:3   | Noticed a death yak
 10574 | Lair:3   | Killed a death yak
 10575 | Lair:3   | Reached XP level 13. HP: 84/84 MP: 14/16
 10584 | Lair:3   | Reached **** piety under Okawaru
 10585 | Lair:3   | Reached skill level 17 in Ranged Weapons
 10602 | Lair:3   | 10602 ||| INVOKING Heroism.
 10673 | Lair:3   | 10673 ||| INVOKING Heroism.
 10775 | Lair:3   | 10775 ||| INVOKING Heroism.
 10778 | Lair:3   | 10778 ||| RETREATING.
 10784 | Lair:3   | Reached skill level 6 in Dodging
 10884 | Lair:3   | 10884 ||| INVOKING Heroism.
 11009 | Lair:3   | Found a staircase to the Shoals.
 11080 | Lair:3   | 11080 ||| READING scroll labelled ZAOPRUFUNI.
 11129 | Lair:3   | 11129 ||| RETREATING.
 11133 | Lair:3   | Received a gift from Okawaru
 11150 | Lair:3   | 11150 ||| RETREATING.
 11308 | Lair:3   | 11308 ||| READING 2 scrolls of identify.
 11308 | Lair:3   | 11308 ||| IDENTIFYING viscous cyan potion
 11309 | Lair:3   | 11309 ||| DROPPING potion of brilliance.
 11310 | Lair:3   | 11310 ||| DROPPING scroll of vulnerability.
 11316 | Lair:4   | Noticed Nessos
 11319 | Lair:4   | 11319 ||| STAIRDANCE
 11331 | Lair:4   | 11331 ||| STAIRDANCE
 11333 | Lair:3   | 11333 ||| Stepping ~*~*~tactically~*~*~ (retreating).
 11334 | Lair:3   | 11334 ||| Stepping ~*~*~tactically~*~*~ (retreating).
 11335 | Lair:3   | 11335 ||| Stepping ~*~*~tactically~*~*~ (retreating).
 11336 | Lair:3   | 11336 ||| Stepping ~*~*~tactically~*~*~ (retreating).
 11337 | Lair:3   | 11337 ||| Stepping ~*~*~tactically~*~*~ (retreating).
 11338 | Lair:3   | 11338 ||| Stepping ~*~*~tactically~*~*~ (retreating).
 11339 | Lair:3   | 11339 ||| Stepping ~*~*~tactically~*~*~ (retreating).
 11340 | Lair:3   | 11340 ||| INVOKING Heroism.
 11343 | Lair:3   | HP: 14/84 [cane toad (14)]
 11344 | Lair:3   | 11344 ||| READING 2 scrolls of teleportation.
 11345 | Lair:3   | 11345 ||| DRINKING 3 potions of heal wounds.
 11348 | Lair:3   | Reached skill level 6 in Invocations
 11407 | Lair:4   | 11407 ||| INVOKING Heroism.
 11408 | Lair:4   | 11408 ||| STAIRDANCE
 11425 | Lair:4   | 11425 ||| STAIRDANCE
 11546 | Lair:4   | 11546 ||| RETREATING.
 11560 | Lair:4   | 11560 ||| INVOKING Heroism.
 11685 | Lair:4   | Reached ***** piety under Okawaru
 11780 | Lair:4   | 11780 ||| INVOKING Finesse.
 11786 | Lair:4   | Killed Nessos
 11970 | Lair:5   | Entered Level 5 of the Lair of Beasts
 11985 | Lair:5   | 11985 ||| INVOKING Heroism.
 12019 | Lair:5   | 12019 ||| RETREATING.
 12021 | Lair:5   | 12021 ||| RETREATING.
 12023 | Lair:5   | 12023 ||| RETREATING.
 12067 | Lair:5   | Found a runed translucent door.
 12067 | Lair:5   | Noticed qw's ghost (journeyman GrFi)
 12073 | Lair:5   | 12073 ||| INVOKING Heroism.
 12118 | Lair:5   | 12118 ||| RETREATING.
 12316 | Lair:5   | 12316 ||| READING scroll of enchant armour.
 12316 | Lair:5   | 12316 ||| ENCHANTING +0 pair of gloves.
 12321 | Lair:5   | 12321 ||| INVOKING Heroism.
 12331 | Lair:5   | Reached skill level 18 in Ranged Weapons
 12348 | Lair:5   | 12348 ||| INVOKING Heroism.
 12382 | Lair:5   | 12382 ||| RETREATING.
 12420 | Lair:5   | 12420 ||| INVOKING Heroism.
 12427 | Lair:5   | Reached skill level 9 in Invocations
 12427 | Lair:5   | Gained mutation: Your large and strong wings let you fly.
                  | [Gargoyle growth]
 12427 | Lair:5   | Reached XP level 14. HP: 90/90 MP: 17/20
 12517 | Lair:5   | Found a viscous altar of Jiyva.
 12547 | Lair:5   | 12547 ||| INVOKING Heroism.
 12548 | Lair:5   | 12548 ||| INVOKING Finesse.
 12592 | Lair:5   | Found a staircase to the Slime Pits.
 12596 | Lair:5   | 12596 ||| INVOKING Heroism.
 12911 | Lair:5   | 12911 ||| RETREATING.
 12914 | Lair:5   | 12914 ||| INVOKING Heroism.
 12919 | Lair:5   | 12919 ||| Stepping ~*~*~tactically~*~*~ (retreating).
 12920 | Lair:5   | 12920 ||| Stepping ~*~*~tactically~*~*~ (retreating).
 12921 | Lair:5   | 12921 ||| Stepping ~*~*~tactically~*~*~ (retreating).
 12937 | Lair:5   | 12937 ||| Stepping ~*~*~tactically~*~*~ (retreating).
 12938 | Lair:5   | 12938 ||| Stepping ~*~*~tactically~*~*~ (retreating).
 12939 | Lair:5   | 12939 ||| Stepping ~*~*~tactically~*~*~ (retreating).
 12940 | Lair:5   | 12940 ||| Stepping ~*~*~tactically~*~*~ (retreating).
 12941 | Lair:5   | 12941 ||| Stepping ~*~*~tactically~*~*~ (retreating).
 12965 | Lair:5   | Reached skill level 12 in Fighting
 12969 | Lair:5   | 12969 ||| INVOKING Finesse.
 12972 | Lair:5   | 12972 ||| INVOKING Heroism.
 12973 | Lair:5   | 12973 ||| Stepping ~*~*~tactically~*~*~ (retreating).
 13094 | Lair:5   | 13094 ||| RETREATING.
 13095 | Lair:5   | 13095 ||| Stepping ~*~*~tactically~*~*~ (retreating).
 13096 | Lair:5   | 13096 ||| INVOKING Heroism.
 13108 | Lair:5   | 13108 ||| INVOKING Finesse.
 13345 | Lair:5   | 13345 ||| PLANNING D
 13461 | D:12     | 13461 ||| READING scroll of enchant armour.
 13461 | D:12     | 13461 ||| ENCHANTING +1 pair of gloves.
 13711 | D:12     | Noticed Naggiasi's ghost (journeyman KoBr)
 13736 | D:12     | 13736 ||| Stepping ~*~*~tactically~*~*~ (retreating).
 13739 | D:12     | 13739 ||| Stepping ~*~*~tactically~*~*~ (retreating).
 13742 | D:12     | 13742 ||| Stepping ~*~*~tactically~*~*~ (retreating).
 13743 | D:12     | 13743 ||| Stepping ~*~*~tactically~*~*~ (retreating).
 13744 | D:12     | 13744 ||| Stepping ~*~*~tactically~*~*~ (retreating).
 13745 | D:12     | 13745 ||| Stepping ~*~*~tactically~*~*~ (retreating).
 13746 | D:12     | 13746 ||| Stepping ~*~*~tactically~*~*~ (retreating).
 13752 | D:12     | 13752 ||| Stepping ~*~*~tactically~*~*~ (retreating).
 13756 | D:12     | 13756 ||| Stepping ~*~*~tactically~*~*~ (retreating).
 13756 | D:12     | Noticed a lich
 13756 | D:12     | Noticed a tengu reaver
 13757 | D:12     | 13757 ||| Stepping ~*~*~tactically~*~*~ (retreating).
 13758 | D:12     | 13758 ||| Stepping ~*~*~tactically~*~*~ (retreating).
 13860 | D:12     | 13860 ||| RETREATING.
 13865 | D:12     | 13865 ||| INVOKING Heroism.
 13870 | D:12     | 13870 ||| READING 2 scrolls of teleportation.
 13912 | D:12     | Noticed Urug
 13913 | D:12     | 13913 ||| INVOKING Heroism.
 13914 | D:12     | 13914 ||| INVOKING Finesse.
 13920 | D:12     | Killed Urug
 14021 | D:12     | 14021 ||| INVOKING Heroism.
 14181 | D:12     | Reached skill level 19 in Ranged Weapons
 14188 | D:12     | Found a runed translucent door.
 14198 | D:12     | Found a runed translucent door.
 14271 | D:12     | 14271 ||| UPGRADING to amulet of faith.
 14276 | D:12     | 14276 ||| DROPPING ring of protection from cold.
 14277 | D:12     | 14277 ||| DROPPING ring of willpower.
 14321 | D:13     | Found Ocaf Vakk's Antique Weapon Shoppe.
 14409 | D:13     | 14409 ||| INVOKING Heroism.
 14493 | D:13     | You are sucked into a shaft and drop 2 floors!
 14493 | D:15     | Entered Level 15 of the Dungeon
 14520 | D:13     | 14520 ||| INVOKING Heroism.
 14553 | D:13     | 14553 ||| READING scroll of enchant weapon.
 14553 | D:13     | 14553 ||| ENCHANTING +3 longbow of draining.
 14902 | D:13     | Found an opulent altar of Gozag.
 14968 | D:13     | 14968 ||| READING 3 scrolls of identify.
 14968 | D:13     | 14968 ||| IDENTIFYING fizzy brown potion
 14969 | D:13     | 14969 ||| READING 2 scrolls of identify.
 14969 | D:13     | 14969 ||| IDENTIFYING grey potion
 14970 | D:13     | 14970 ||| DROPPING potion of ambrosia.
 14990 | D:14     | 14990 ||| STAIRDANCE
 15001 | D:14     | 15001 ||| STAIRDANCE
 15003 | D:13     | 15003 ||| INVOKING Heroism.
 15004 | D:13     | 15004 ||| INVOKING Finesse.
 15090 | D:14     | Found an ancient bone altar of Kikubaaqudgha.
 15161 | D:14     | 15161 ||| Stepping ~*~*~tactically~*~*~ (outnumbered).
 15185 | D:14     | 15185 ||| INVOKING Heroism.
 15186 | D:14     | 15186 ||| INVOKING Finesse.
 15276 | D:14     | 15276 ||| INVOKING Heroism.
 15461 | D:14     | Identified the +11 falchion of Weoruyxu {flame, *Slow rC+
                  | Str+4}
 15473 | D:14     | Reached XP level 15. HP: 98/98 MP: 22/22
 15538 | D:14     | 15538 ||| INVOKING Finesse.
 15552 | D:14     | Received a gift from Okawaru
 15576 | D:14     | Found a gate to the Vaults.
 15836 | D:15     | 15836 ||| Stepping ~*~*~tactically~*~*~ (retreating).
 15849 | D:15     | 15849 ||| Stepping ~*~*~tactically~*~*~ (retreating).
 15850 | D:15     | 15850 ||| Stepping ~*~*~tactically~*~*~ (retreating).
 15851 | D:15     | 15851 ||| Stepping ~*~*~tactically~*~*~ (retreating).
 15852 | D:15     | 15852 ||| Stepping ~*~*~tactically~*~*~ (retreating).
 15853 | D:15     | 15853 ||| Stepping ~*~*~tactically~*~*~ (retreating).
 16019 | D:15     | 16019 ||| RETREATING.
 16020 | D:15     | 16020 ||| Stepping ~*~*~tactically~*~*~ (retreating).
 16023 | D:15     | 16023 ||| INVOKING Heroism.
 16024 | D:15     | 16024 ||| RETREATING.
 16069 | D:15     | Reached skill level 20 in Ranged Weapons
 16099 | D:15     | Found a staircase to the Depths.
 16208 | D:15     | 16208 ||| Stepping ~*~*~tactically~*~*~ (outnumbered).
 16339 | D:15     | 16339 ||| RETREATING.
 16346 | D:15     | 16346 ||| Stepping ~*~*~tactically~*~*~ (retreating).
 16501 | D:15     | 16501 ||| READING scroll of enchant armour.
 16501 | D:15     | 16501 ||| ENCHANTING +0 pair of boots.
 16521 | D:15     | 16521 ||| PLANNING ORC
 16521 | D:15     | 16521 ||| DROPPING ring of ice.
 16522 | D:15     | 16522 ||| READING 5 scrolls of identify.
 16522 | D:15     | 16522 ||| IDENTIFYING white potion
 16677 | Orc:1    | Entered Level 1 of the Orcish Mines
 16678 | Orc:1    | 16678 ||| STAIRDANCE
 16684 | Orc:1    | 16684 ||| STAIRDANCE
 16695 | Orc:1    | 16695 ||| STAIRDANCE
 16695 | Orc:1    | Noticed Maurice
 16697 | D:9      | 16697 ||| INVOKING Heroism.
 16712 | Orc:1    | 16712 ||| STAIRDANCE
 16717 | Orc:1    | 16717 ||| RETREATING.
 16719 | Orc:1    | 16719 ||| Stepping ~*~*~tactically~*~*~ (retreating).
 16720 | Orc:1    | 16720 ||| Stepping ~*~*~tactically~*~*~ (retreating).
 16721 | Orc:1    | 16721 ||| Stepping ~*~*~tactically~*~*~ (retreating).
 16722 | Orc:1    | 16722 ||| Stepping ~*~*~tactically~*~*~ (retreating).
 16723 | Orc:1    | 16723 ||| Stepping ~*~*~tactically~*~*~ (retreating).
 16725 | Orc:1    | 16725 ||| Stepping ~*~*~tactically~*~*~ (retreating).
 16726 | Orc:1    | 16726 ||| Stepping ~*~*~tactically~*~*~ (retreating).
 16727 | Orc:1    | 16727 ||| Stepping ~*~*~tactically~*~*~ (retreating).
 16730 | Orc:1    | Paralysed by an orc sorcerer for 5 turns
 16744 | Orc:1    | 16744 ||| INVOKING Heroism.
 16750 | Orc:1    | Killed Maurice
 16750 | Orc:1    | Identified the +5 plate armour of Inference {Str+3}
                  | (Okawaru gifted it to you on level 1 of the Orcish Mines)
 16750 | Orc:1    | Received a gift from Okawaru
 16842 | Orc:1    | Found a burning altar of Makhleb.
 16869 | Orc:1    | 16869 ||| INVOKING Heroism.
 16914 | Orc:1    | 16914 ||| INVOKING Heroism.
 16916 | Orc:1    | 16916 ||| Stepping ~*~*~tactically~*~*~ (outnumbered).
 16963 | Orc:1    | You are sucked into a shaft and drop 1 floor!
 16963 | Orc:2    | Entered Level 2 of the Orcish Mines
 16963 | Orc:2    | Found a staircase to the Elven Halls.
 17101 | Orc:2    | 17101 ||| STAIRDANCE
 17119 | Orc:2    | 17119 ||| STAIRDANCE
 17173 | Orc:2    | 17173 ||| INVOKING Heroism.
 17268 | Orc:2    | 17268 ||| RETREATING.
 17274 | Orc:2    | 17274 ||| Stepping ~*~*~tactically~*~*~ (retreating).
 17275 | Orc:2    | 17275 ||| Stepping ~*~*~tactically~*~*~ (retreating).
 17276 | Orc:2    | 17276 ||| Stepping ~*~*~tactically~*~*~ (retreating).
 17278 | Orc:2    | 17278 ||| Stepping ~*~*~tactically~*~*~ (retreating).
 17279 | Orc:2    | 17279 ||| Stepping ~*~*~tactically~*~*~ (retreating).
 17283 | Orc:2    | 17283 ||| Stepping ~*~*~tactically~*~*~ (retreating).
 17284 | Orc:2    | 17284 ||| Stepping ~*~*~tactically~*~*~ (retreating).
 17285 | Orc:2    | 17285 ||| Stepping ~*~*~tactically~*~*~ (retreating).
 17287 | Orc:2    | 17287 ||| Stepping ~*~*~tactically~*~*~ (retreating).
 17319 | Orc:2    | 17319 ||| INVOKING Heroism.
 17341 | Orc:2    | 17341 ||| Stepping ~*~*~tactically~*~*~ (outnumbered).
 17345 | Orc:2    | 17345 ||| Stepping ~*~*~tactically~*~*~ (outnumbered).
 17346 | Orc:2    | 17346 ||| Stepping ~*~*~tactically~*~*~ (retreating).
 17348 | Orc:2    | Paralysed by an ogre mage for 2 turns
 17349 | Orc:2    | HP: 18/101 [ogre mage/bolt of magma (13)]
 17350 | Orc:2    | HP: 3/101 [ogre mage/+0 spear (6)]
 17350 | Orc:2    | Slain by a two-headed ogre

Levels and vault maps discovered:
D:1:      amcnicky_arrival_double_pillar, layout_loops_ring, minmay_box_of_dots
D:2:      layout_basic, chequers_ecumenical_altar_grove
D:3:      layout_basic, serial_shops, nicolae_lakefront_shop, uniq_grinder,
          uniq_terence
D:4:      layout_rooms, temple_doors_e
D:5:      cheibrodos_barr_body, layout_cave_pools,
          nicolae_ossuary_entry_false_entrances, uniq_sigmund
D:6:      layout_basic, grunt_temple_overflow_order_and_chaos_1,
          roderic_roman_lattice
D:7:      layout_loops_corners, roderic_batcave
D:8:      layout_loops_ring, minmay_misc_feat_roman,
          chequers_serial_rivers_room_a, uniq_maggie
D:9:      layout_basic, hiddenorc2_lemuel, serial_shops, nicolae_diamond_shop,
          uniq_erica
D:10:     layout_loops_cross, okawaru_gym_becter
D:11:     nzn_winding_woodlands_three_and_one
          [nzn_winding_woodlands_5x15_parted,
          nzn_winding_woodlands_5x15_concentric,
          nzn_winding_woodlands_5x15_pathside_ponds,
          nzn_winding_woodlands_center_lodge], layout_basic, erik_lair_island,
          serial_corexii_hall, corexii_hall_statues_x, corexii_hall_statues_i,
          chequers_hall_statues_corner_a, chequers_hall_statues_wall_a,
          chequers_hall_statues_y, corexii_hall_statues_l, nrook_mini_backslash
D:12:     layout_basic, muffindrake_ghost_dual_entry, uniq_urug
D:13:     layout_roguey, serial_shops, nicolae_shop_rolling_square,
          grunt_gozag_statues
D:14:     layout_stronghold, hellmonk_vaults_order_and_chaos,
          kiku_gazebo_pond_becter
D:15:     gammafunk_depths_entry_grave, layout_loops_ring,
          minmay_misc_feat_square
Temple:   compressed_dpeg_triangle_lava_temple
Lair:1:   beast_lair_carwin_large_3, layout_gridlike, dreamdust_gnoll_shepherd
Lair:2:   layout_chaotic_city, hellmonk_spider_entry_not_the_bees
Lair:3:   layout_hall_layers, minmay_shoals_entry_hut, serial_bayou_shore_a,
          lemuel_fruit_fields
Lair:4:   layout_hall_layers, lemuel_old_faithful, uniq_nessos
Lair:5:   evilmike_catoblepas_cave, layout_gridlike,
          minmay_slime_entry_oklob_enclosed, hellmonk_ghost_happy_afterlife
Orc:1:    layout_caves, bloody_makhleb, uniq_maurice
Orc:2:    st_orc_ogre_mass, layout_diamond_mine, uniq_jorgrun, uniq_josephine

Skill      XL: |  1  2  3  4  5  6  7  8  9 10 11 12 13 14 15 |
---------------+----------------------------------------------+-----
Ranged Weapons | 5 7 8 10 12 13 15 16 18 19 20 | 20.0
Fighting       | 3 4 5 6 8 9 10 11 13 14 | 14.9
Armour         | 1 2 3 5 6 |  6.5
Dodging        | 2 3 4 5 6 7 8 |  8.0
Invocations    | 2 4 9 10 | 10.0
Stealth        | |  1.1

Action                     |  1- 3 |  4- 6 |  7- 9 | 10-12 | 13-15 || total
---------------------------+-------+-------+-------+-------+-------++-------
   Fire: Shortbow          |    48 |       |       |       |       ||    48
         Orcbow            |    14 |    43 |       |       |       ||    57
         Longbow           |       |    71 |   294 |   635 |  1165 ||  2165
 Invoke: Heroism           |       |       |       |    18 |    32 ||    50
         Finesse           |       |       |       |       |     8 ||     8
    Use: Scroll            |     4 |     5 |     6 |     9 |    11 ||    35
         Potion            |       |     1 |     5 |       |     1 ||     7
 Armour: Leather armour    |     7 |     6 |       |       |       ||    13
         Ring mail         |       |     3 |    96 |       |       ||    99
         Swamp dragon scal |       |       |       |    71 |       ||    71
         Troll leather arm |       |       |       |    27 |    98 ||   125
  Dodge: Dodged            |     7 |    18 |   202 |   365 |   519 ||  1111

Table legend:
 A = Non-vault XP
 B = Vault XP
 C = Vault XP percentage of total XP
 D = Non-vault monster count
 E = Vault monster count
 F = Vault count percentage of total count
                 A         B        C        D         E       F
            +---------+---------+-------+---------+---------+-------
      Total |   82312 |   40063 |  32.7 |     476 |     147 |  23.6
            +---------+---------+-------+---------+---------+-------
        D:1 |      31 |       4 |  11.4 |      19 |       3 |  13.6
        D:2 |      70 |       0 |   0.0 |      19 |       0 |   0.0
        D:3 |      61 |     308 |  83.5 |      18 |       2 |  10.0
        D:4 |     343 |       0 |   0.0 |      21 |       0 |   0.0
        D:5 |     618 |     532 |  46.3 |       8 |       8 |  50.0
        D:6 |     642 |       0 |   0.0 |      27 |       0 |   0.0
        D:7 |    1060 |       9 |   0.8 |      24 |       6 |  20.0
        D:8 |    1480 |     559 |  27.4 |      15 |       3 |  16.7
        D:9 |    3936 |    1186 |  23.2 |      42 |      31 |  42.5
       D:10 |    2413 |       0 |   0.0 |      17 |       0 |   0.0
       D:11 |    1432 |    4912 |  77.4 |      11 |      21 |  65.6
       D:12 |    6309 |     798 |  11.2 |      25 |       1 |   3.8
       D:13 |    8478 |       0 |   0.0 |      22 |       0 |   0.0
       D:14 |    6522 |    1992 |  23.4 |      16 |       2 |  11.1
       D:15 |   11347 |    4574 |  28.7 |      21 |       8 |  27.6
     Lair:1 |    3612 |    2360 |  39.5 |      15 |      12 |  44.4
     Lair:2 |    5239 |     498 |   8.7 |      25 |       4 |  13.8
     Lair:3 |   10261 |     274 |   2.6 |      32 |       1 |   3.0
     Lair:4 |    4429 |    1047 |  19.1 |      12 |       1 |   7.7
     Lair:5 |    7579 |   12057 |  61.4 |      28 |      25 |  47.2
      Orc:1 |    4646 |     472 |   9.2 |      39 |       1 |   2.5
      Orc:2 |    1804 |    8481 |  82.5 |      20 |      18 |  47.4
            +---------+---------+-------+---------+---------+-------
